 Dungeon Crawl Stone Soup version 0.21-b1-23-g1fb0a74c36 (console) character file.

12425 Kloppie the Severer (level 11, -9/148 HPs)
             Began as a Minotaur Berserker on Jan 5, 2018.
             Was a High Priest of Trog.
             Mangled by a two-headed ogre
             ... wielding a +0 giant spiked club
              (13 damage)
             ... on level 10 of the Dungeon on Jan 6, 2018.
             The game lasted 00:18:27 (8515 turns).

Kloppie the Severer (Minotaur Berserker)            Turns: 8515, Time: 00:18:28

Health: -9/148     AC: 24    Str: 30    XL:     11   Next: 62%
Magic:  10/10      EV: 11    Int:  4    God:    Trog [*****.]
Gold:   594        SH:  0    Dex: 12    Spells: 10/10 levels left

rFire    + . .     SeeInvis .   a - +0 broad axe (protect)
rCold    + + .     Gourm    .   (no shield)
rNeg     . . .     Faith    .   z - +4 scale mail of Egalitarianism {rC++ Regen+ Dex+2}
rPois    .         Spirit   .   u - +2 hat
rElec    .         Reflect  .   (no cloak)
rCorr    .         Harm     .   F - +0 pair of gloves
MR       ++...                  H - +0 pair of boots
Stlth    ..........             e - amulet of regeneration
HPRegen  2.14/turn              B - ring of stealth
MPRegen  0.12/turn              w - ring of protection from fire

@: berserking, lethally poisoned (-9 -> -9), protection aura, regenerating,
slowed
A: retaliatory headbutt, horns 2
a: Berserk, Trog's Hand, Brothers in Arms, Burn Spellbooks, Renounce Religion


You were on level 10 of the Dungeon.
You worshipped Trog.
Trog was extremely pleased with you.
You were very hungry.

You visited 1 branch of the dungeon, and saw 10 of its levels.
You also visited: Bailey.

You collected 594 gold pieces.

Inventory:

Hand Weapons
 a - a +0 broad axe of protection (weapon)
 b - a +2 hand axe of flaming
 J - the +8 quarterstaff "Hanahuwo" {flame, rPois Int+2, unknown}
   (You found it in a bailey)

   It has been specially enchanted to burn those struck by it, causing extra
   injury to most foes and up to half again as much damage against particularly
   susceptible opponents.
   It affects your intelligence (+2).
   It protects you from poison.
Armour
 g - a +0 shield
 u - a +2 hat (worn)
 z - the +4 scale mail of Egalitarianism (worn) {rC++ Regen+ Dex+2}
   (You found it in a bailey)

   It affects your dexterity (+2).
   It greatly protects you from cold.
   It increases your rate of regeneration.
 F - a +0 pair of gloves (worn)
 H - a +0 pair of boots (worn)
 I - a +1 chain mail of fire resistance
Jewellery
 e - an amulet of regeneration (around neck)
 m - a +4 amulet of reflection
 w - a ring of protection from fire (right hand)
 B - a ring of stealth (left hand)
 O - a cursed amulet of inaccuracy {unknown}
Wands
 s - a wand of flame (14)
 y - a wand of acid (8)
 C - a wand of polymorph (13)
 D - a wand of random effects (35)
Scrolls
 f - a scroll of remove curse
 h - 4 scrolls of fear
 i - a scroll of teleportation
 k - 2 scrolls of enchant armour
 l - a scroll of noise
 o - 2 scrolls of blinking {unknown}
 r - a scroll of fog
 L - 2 scrolls of enchant weapon
 M - a scroll of acquirement
 N - a scroll of identify
Potions
 d - 2 potions of berserk rage
 j - 4 potions of brilliance
 n - 2 potions of haste
 p - 6 potions of heal wounds
 q - a potion of resistance
 v - 3 potions of curing
 x - a potion of magic
 A - 2 potions of mutation {unknown}
 E - a potion of might {unknown}
 K - a potion of cancellation {unknown}
Books
 t - a book of Minor Magic

   Spells                             Type                      Level
   a - Magic Dart                     Conjuration                  1
   b - Blink                          Translocation                2
   c - Call Imp                       Summoning                    2
   d - Slow                           Hexes                        2
   e - Conjure Flame                  Conjuration/Fire             3
   f - Mephitic Cloud                 Conjuration/Poison/Air       3
   Trog disapproves of the use of such an item.
Comestibles
 c - 26 rations
 G - 9 chunks of flesh


   Skills:
 - Level 10.1 Fighting
 + Level 16.5 Axes
 - Level 10.7 Armour
 - Level 2.1 Dodging


You had 10 spell levels left.
You didn't know any spells.

Dungeon Overview and Level Annotations

Branches:
Dungeon (10/15)            Temple (0/1) D:5            Lair (0/6) D:9
    Orc: D:9-12

Altars:
Ashenzari
Dithmenos
Hepliaklqana
Kikubaaqudgha
Sif Muna

Annotations:
D:8 Prince Ribbit


Innate Abilities, Weirdness & Mutations

You reflexively headbutt those who attack you in melee.
You have a pair of horns on your head.


Message History

You slash the wraith!
You feel the power of Trog in you as your rage grows.
You destroy the wraith!
Trog accepts your kill.
Your life force feels restored.
You barely miss the worker ant. You slice the killer bee!!
You kill the killer bee!
Trog accepts your kill. The killer bee completely misses you.
The worker ant misses you. You furiously retaliate!
You headbutt the worker ant!
You kill the worker ant!
Trog accepts your kill.
You slash the two-headed ogre!
The two-headed ogre is moderately wounded.
You closely miss the killer bee.
You feel sick.
The killer bee stings you but does no damage.
The two-headed ogre hits you with a giant spiked club!
* * * LOW HITPOINT WARNING * * *
The two-headed ogre hits you with a giant club!
You die...

#......'.#####.........# #.
#.......#.<...#.........# #.
#.......#.....#.........######.
#.......#.....#................
#.......#.....#................
#.......#.....'........>.#####.
#.......#.....#..........# #.
.......#######†.........# #.
......†@yy........# #.
.......Oy.[.......# #.
.........o..>.....# #.
..................# #.
...............(..# #.
..########...=.. . ...... .....


You could see a two-headed ogre, 3 killer bees and an orc.

Vanquished Creatures
  Gastronok (D:8)
  Josephine (D:10)
  2 orc knights (Bailey)
  An orc sorcerer (Bailey)
  A kobold demonologist (Bailey)
  A troll (D:10)
  A hippogriff (D:8)
  4 wraiths (D:10)
  4 hogs (D:8)
  A wyvern (D:8)
  Grum (D:8)
  A human (D:8)
  Edmund (D:5)
  2 hell hounds (D:9)
  7 ice beasts
  15 orc warriors
  3 sky beasts
  A black bear (D:6)
  An eye of draining (D:9)
  2 phantoms
  A necrophage (D:8)
  5 ogres
  4 centaurs
  3 wolves (D:8)
  5 bullfrogs
  8 killer bees
  5 wights (D:9)
  A howler monkey (D:5)
  4 electric eels (Bailey)
  A crimson imp (D:7)
  A bullfrog zombie (D:8)
  8 hounds
  2 jellies
  6 orc priests
  A bullfrog skeleton (D:4)
  2 centaur zombies
  8 orc wizards
  7 worker ants
  6 iguanas
  A killer bee zombie (D:10)
  3 hound zombies
  A worker ant zombie (D:7)
  2 gnolls (Bailey)
  4 adders
  A shadow imp (D:7)
  An ooze (D:4)
  3 worms
  3 dart slugs
  2 leopard geckos
  72 orcs
  6 giant cockroaches
  22 goblins
  7 hobgoblins
  10 jackals
  11 kobolds
  5 quokkas
  3 ball pythons
  9 bats
  6 frilled lizards
  5 rats
306 creatures vanquished.

Notes
Turn   | Place    | Note
-------+----------+-------------------------------------------
     0 | D:1      | Kloppie the Minotaur Berserker began the quest for the Orb.
     0 | D:1      | Reached XP level 1. HP: 19/19 MP: 0/0
   271 | D:1      | Reached skill level 4 in Axes
   271 | D:1      | Reached XP level 2. HP: 9/27 MP: 1/1
   836 | D:1      | Found a shattered altar of Ashenzari.
   860 | D:1      | Reached XP level 3. HP: 34/34 MP: 2/2
   966 | D:2      | Reached ** piety under Trog
  1840 | D:3      | Noticed an ice beast
  1853 | D:3      | Killed an ice beast
  1853 | D:3      | Reached skill level 5 in Fighting
  1853 | D:3      | Reached skill level 5 in Axes
  1853 | D:3      | Reached XP level 4. HP: 42/42 MP: 3/3
  1853 | D:3      | Reached XP level 5. HP: 49/49 MP: 4/4
  2043 | D:3      | Reached skill level 6 in Axes
  2696 | D:4      | Noticed an ogre
  2703 | D:4      | Killed an ogre
  2703 | D:4      | Reached XP level 6. HP: 58/58 MP: 5/5
  2758 | D:4      | Reached *** piety under Trog
  2870 | D:4      | Reached skill level 7 in Axes
  2871 | D:4      | Reached XP level 7. HP: 17/66 MP: 6/6
  3407 | D:4      | Reached skill level 8 in Axes
  3453 | D:4      | Found a shadowy altar of Dithmenos.
  3690 | D:5      | Entered Level 5 of the Dungeon
  3693 | D:5      | Found a staircase to the Ecumenical Temple.
  3788 | D:5      | Noticed Edmund
  3796 | D:5      | Killed Edmund
  3796 | D:5      | Reached XP level 8. HP: 65/74 MP: 7/7
  3818 | D:5      | Reached **** piety under Trog
  4020 | D:5      | Reached skill level 9 in Axes
  4108 | D:5      | Reached skill level 5 in Armour
  4291 | D:5      | Got a scorched mace
  4314 | D:5      | Identified the +9 mace of Freehold {distort, Int+2} (You found it on level 5 of the Dungeon)
  4418 | D:6      | Reached skill level 10 in Axes
  4580 | D:6      | Reached XP level 9. HP: 28/81 MP: 8/8
  4962 | D:7      | Reached skill level 11 in Axes
  5401 | D:7      | Found an ancient bone altar of Kikubaaqudgha.
  5402 | D:7      | Found a hazy altar of Hepliaklqana.
  5812 | D:8      | Found a flagged portal.
  5838 | Bailey   | Entered a bailey
  5870 | Bailey   | Reached ***** piety under Trog
  5888 | Bailey   | Found an iron altar of Okawaru.
  5888 | Bailey   | Noticed an orc sorcerer
  5888 | Bailey   | Noticed a kobold demonologist
  5900 | Bailey   | Killed an orc sorcerer
  5907 | Bailey   | Noticed an orange demon
  5908 | Bailey   | Killed a kobold demonologist
  5908 | Bailey   | Reached skill level 12 in Axes
  5975 | Bailey   | Noticed an orc knight
  5987 | Bailey   | Killed an orc knight
  5987 | Bailey   | Reached skill level 10 in Armour
  5987 | Bailey   | Reached XP level 10. HP: 72/88 MP: 9/9
  6058 | Bailey   | Got a fine scale mail
  6101 | Bailey   | Got an ancient quarterstaff
  6144 | Bailey   | Noticed an orc knight
  6161 | Bailey   | Killed an orc knight
  6370 | Bailey   | Reached skill level 13 in Axes
  6621 | D:8      | Noticed Gastronok
  6640 | D:8      | Killed Gastronok
  6640 | D:8      | Reached skill level 10 in Fighting
  6690 | D:8      | Reached skill level 14 in Axes
  6800 | D:8      | Reached XP level 11. HP: 66/99 MP: 10/10
  6902 | D:8      | Identified the +4 scale mail of Egalitarianism {rC++ Regen+ Dex+2} (You found it in a bailey)
  6907 | D:8      | Found a deep blue altar of Sif Muna.
  6937 | D:8      | Noticed Grum
  6955 | D:8      | Killed Grum
  7280 | D:8      | Noticed Prince Ribbit
  7426 | D:8      | Reached skill level 15 in Axes
  7984 | D:9      | Found a staircase to the Lair.
  8030 | D:9      | Received a gift from Trog
  8379 | D:10     | Entered Level 10 of the Dungeon
  8495 | D:10     | Noticed Josephine
  8498 | D:10     | Noticed a two-headed ogre
  8510 | D:10     | Killed Josephine
  8510 | D:10     | Reached skill level 16 in Axes
  8515 | D:10     | HP: 4/148 [two-headed ogre/giant spiked club (14)]
  8515 | D:10     | Mangled by a two-headed ogre

Skill      XL: |  1  2  3  4  5  6  7  8  9 10 11 |
---------------+----------------------------------+-----
Fighting       | 4 5 6 7 10 | 10.1
Axes           | 4 5 6 7 8 10 12 14 16 | 16.5
Armour         | 4 7 10 | 10.7
Dodging        | |  2.1

Action                   |  1- 3 |  4- 6 |  7- 9 | 10-12 || total
-------------------------+-------+-------+-------+-------++-------
Melee: Hand axe          |    90 |    85 |   272 |    86 ||   533
       Headbutt          |     9 |    18 |    41 |    59 ||   127
       Broad axe         |       |       |       |   223 ||   223
Invok: Berserk           |     1 |     3 |     4 |     1 ||     9
       Trog's Hand       |       |       |     1 |     2 ||     3
  Use: Scroll            |       |       |    21 |     4 ||    25
  Eat: Chunk             |     3 |     6 |    15 |     9 ||    33
Armor: Animal skin       |    21 |       |       |       ||    21
       Leather armour    |     1 |     4 |       |       ||     5
       Scale mail        |       |    15 |    25 |   122 ||   162
       Chain mail        |       |       |    80 |    44 ||   124
Dodge: Dodged            |    68 |    46 |    70 |   138 ||   322
Block: Other             |       |     5 |       |       ||     5
       Reflection        |       |     1 |       |       ||     1
